 Dungeon Crawl Stone Soup version 0.23.2 (webtiles) character file.

Game seed: 9746305875354616880

13375 Lusmu the Cleaver (level 11, -1/99 HPs)
             Began as a Minotaur Berserker on Apr 4, 2019.
             Was a High Priest of Trog.
             Shot with an arrow by a centaur warrior (20 damage)
             ... on level 13 of the Dungeon.
             The game lasted 00:32:18 (9044 turns).

Lusmu the Cleaver (Minotaur Berserker)              Turns: 9044, Time: 00:32:19

Health: -1/99      AC: 16    Str: 29    XL:     11   Next: 74%
Magic:  14/14      EV: 13    Int:  5    God:    Trog [*****.]
Gold:   696        SH:  0    Dex: 11    Spells: 10/10 levels left

rFire    . . .     SeeInvis .   E - +1 battleaxe (chop)
rCold    + . .     Gourm    .   (shield currently unavailable)
rNeg     + . .     Faith    .   B - +0 chain mail "Cate" {Str+6} (curse)
rPois    .         Spirit   .   (helmet restricted)
rElec    .         Reflect  .   o - +0 cloak
rCorr    .         Harm     .   g - +0 pair of gloves
MR       .....                  j - +0 pair of boots
Stlth    ..........             C - amulet of regeneration
HPRegen  0.66/turn              d - ring of protection from cold
MPRegen  0.14/turn              q - ring of positive energy

@: slowed, very slow
A: retaliatory headbutt, horns 2
a: Berserk, Trog's Hand, Brothers in Arms, Renounce Religion


You were on level 13 of the Dungeon.
You worshipped Trog.
Trog was extremely pleased with you.
You were hungry.

You visited 1 branch of the dungeon, and saw 12 of its levels.

You collected 696 gold pieces.

Inventory:

Hand Weapons
 y - a +3 hunting sling of freezing
 E - a +1 battleaxe of chopping (weapon)
Missiles
 b - 29 poisoned needles
 t - 150 stones
 A - 56 sling bullets
 L - 5 poisoned tomahawks (quivered)
Armour
 g - a +0 pair of gloves (worn)
 j - a +0 pair of boots (worn)
 o - a +0 cloak (worn)
 B - the cursed +0 chain mail "Cate" (worn) {Str+6}
   (You found it on level 5 of the Dungeon)

   It affects your strength (+6).
   It has a curse placed upon it.
Jewellery
 d - a ring of protection from cold (left hand)
 q - a ring of positive energy (right hand)
 r - a +2 amulet of reflection
 C - an amulet of regeneration (around neck)
 N - an uncursed ring of stealth {unknown}
Wands
 a - a wand of paralysis (8)
 G - a wand of acid (9)
 M - a wand of enslavement (9)
 O - a wand of polymorph (10)
Scrolls
 e - 9 scrolls of remove curse
 f - 2 scrolls of fog
 l - a scroll of random uselessness {unknown}
 m - 2 scrolls of enchant weapon
 n - a scroll of amnesia {unknown}
 w - a scroll of immolation
 H - a scroll of teleportation
 I - a scroll of fear {unknown}
 K - a scroll of vulnerability {unknown}
Potions
 h - 3 potions of ambrosia
 i - 2 potions of flight
 k - 2 potions of berserk rage
 p - a potion of invisibility
 s - 4 potions of agility
 u - 2 potions of brilliance
 v - 2 potions of magic
 x - 4 potions of curing
 z - a potion of heal wounds
 D - a potion of haste
 F - 2 potions of degeneration {unknown}
Comestibles
 c - 14 rations
 J - 22 chunks of flesh


   Skills:
 - Level 10.0 Fighting
 - Level 12.0 Axes
 - Level 5.0 Throwing
 + Level 10.2 Armour
 + Level 9.3 Dodging
 + Level 6.1 Evocations


You had 10 spell levels left.
You didn't know any spells.
Your spell library was empty.

Dungeon Overview and Level Annotations

Branches:
Dungeon (11/15)              Lair (0/6) D:10            Orc (0/2) D:9
 Temple: D:4-7

Altars:
Ashenzari
Dithmenos
Fedhas
Gozag
Kikubaaqudgha
Ru
Uskayaw
Wu Jian
The Shining One

Annotations:
D:5 3 runed translucent doors, Hawk2021's ghost, novice DsAK; jotwebe's ghost, novice DrTm; luab's ghost, amateur GrFi; spacedv's ghost, novice DrIE; tensugalgo's ghost, novice DsMo
D:13 1 transporter, Erolcha


Innate Abilities, Weirdness & Mutations

You reflexively headbutt those who attack you in melee.
You have a pair of horns on your head.


Message History

* * * LOW HITPOINT WARNING * * *
The wraith drains your vigour!
You feel yourself slow down.
As you read the scroll of teleportation, it crumbles to dust.
You feel strangely unstable. The wyvern barely misses you.
You furiously retaliate!
You headbutt the wyvern, but do no damage.
The centaur warrior shoots an arrow.
The arrow hits you!
* * * LOW HITPOINT WARNING * * *
The wyvern barely misses you.
The vault guard hits you from afar with a +0 glaive.
* * * LOW HITPOINT WARNING * * *
The wraith hits you but does no damage.
The centaur warrior shoots an arrow.
The arrow misses you.
The arrow hits the vault guard!
The vault guard dies!
The wyvern closely misses you.
Erolcha the Cunning comes into view.
She is wielding a +0 giant club.
Your surroundings flicker for a moment.
Erolcha shouts!
The centaur warrior shoots an arrow.
The arrow hits you!!
You die...

#..[...†....p..#
.###.#####.#.....##
? ..........#######
..##.....###...##
.....###.##.....##
.... #.........#.
#..####..........
####.....#)....#####
.......@.((..### ..#
##......(##.## ..
#.$..cTlW..#
#.....V.#..#
O....>..##..#
.#..Z....##..#
#....... ..©#!
........ ..#=#
.#..... ##(#


You could see a centaur warrior, Erolcha, a troll, a vampire, a wraith, a wyvern
and a centaur warrior skeleton.

Vanquished Creatures
  2 two-headed ogres
  A death yak (D:10)
  Pikel (D:7)
  An ugly thing (D:11)
  Joseph (D:7)
  A troll (D:11)
  A hornet (D:11)
  Prince Ribbit (D:7)
  Grinder (D:4)
  A hippogriff (D:7)
  A wyvern (D:11)
  15 yaks
  3 vampire mosquitoes (D:9)
  2 steam dragons
  A hungry ghost (D:9)
  2 phantoms
  2 black bears
  4 orc warriors
  A sky beast (D:4)
  4 slaves (D:7)
  5 ogres
  3 centaurs
  Blork the orc (D:5)
  6 bullfrogs
  2 scorpions
  6 killer bees (D:13)
  8 wights
  2 bullfrog zombies
  3 centaur zombies (D:11)
  A crimson imp (D:8)
  Crazy Yiuf (D:2)
  A centaur skeleton (D:5)
  A jelly (D:6)
  7 orc priests
  7 hounds
  A bullfrog skeleton (D:9)
  4 iguanas
  12 orc wizards
  7 worker ants
  A killer bee zombie (D:6)
  A hound skeleton (D:4)
  11 adders
  3 shadow imps
  2 adder skeletons
  A worm (D:2)
  2 dart slugs
  3 leopard geckos
  30 orcs
  3 ball pythons
  5 giant cockroaches
  11 goblins
  8 hobgoblins
  6 jackals
  5 quokkas
  6 bats
  3 frilled lizards
  A jackal zombie (D:6)
  3 kobolds (D:1)
  2 quokka skeletons
  11 rats
242 creatures vanquished.

Vanquished Creatures (collateral kills)
  A vault guard (D:13)
  2 death yaks (D:10)
  A two-headed ogre (D:13)
  2 yaks (D:10)
  A water moccasin (D:10)
7 creatures vanquished.

Vanquished Creatures (others)
  A vault guard (D:13)
1 creature vanquished.

Grand Total: 250 creatures vanquished

Notes
Turn   | Place    | Note
-------+----------+-------------------------------------------
     0 | D:1      | Lusmu the Minotaur Berserker began the quest for the Orb.
     0 | D:1      | Reached XP level 1. HP: 19/19 MP: 0/0
   273 | D:1      | Reached skill level 4 in Axes
   290 | D:1      | Reached XP level 2. HP: 27/27 MP: 1/1
   835 | D:2      | Reached ** piety under Trog
  1070 | D:2      | Found a runed translucent door.
  1071 | D:2      | Noticed Crazy Yiuf
  1076 | D:2      | Killed Crazy Yiuf
  1076 | D:2      | Reached XP level 3. HP: 35/35 MP: 2/2
  1441 | D:2      | Found an opulent altar of Gozag.
  1452 | D:2      | Reached XP level 4. HP: 35/41 MP: 3/3
  1638 | D:2      | Reached skill level 5 in Fighting
  1638 | D:2      | Reached skill level 5 in Axes
  1643 | D:2      | Found a shattered altar of Ashenzari.
  2003 | D:3      | Reached XP level 5. HP: 34/48 MP: 4/4
  2084 | D:3      | Found an ornate altar of the Wu Jian Council.
  2146 | D:3      | Found a sacrificial altar of Ru.
  2350 | D:3      | Reached skill level 6 in Axes
  2590 | D:4      | Reached *** piety under Trog
  2810 | D:4      | Found a blossoming altar of Fedhas.
  2812 | D:4      | Reached XP level 6. HP: 54/58 MP: 5/5
  2882 | D:4      | Noticed a sky beast
  2897 | D:4      | Killed a sky beast
  3083 | D:4      | Reached skill level 7 in Axes
  3287 | D:4      | Reached XP level 7. HP: 55/66 MP: 6/6
  3501 | D:4      | Noticed Grinder
  3505 | D:4      | Paralysed by Grinder for 4 turns
  3514 | D:4      | Paralysed by Grinder for 5 turns
  3521 | D:4      | Paralysed by Grinder for 6 turns
  3528 | D:4      | Killed Grinder
  3528 | D:4      | Reached skill level 8 in Axes
  3943 | D:5      | Entered Level 5 of the Dungeon
  4083 | D:5      | Got a crude chain mail
  4101 | D:5      | Identified the cursed +0 chain mail "Cate" {Str+6} (You
                  | found it on level 5 of the Dungeon)
  4114 | D:5      | Noticed Blork the orc
  4117 | D:5      | Found a glowing golden altar of the Shining One.
  4120 | D:5      | Killed Blork the orc
  4130 | D:5      | Found a runed translucent gate.
  4130 | D:5      | Found a runed translucent gate.
  4132 | D:5      | Found a runed translucent gate.
  4132 | D:5      | Noticed luab's ghost (amateur GrFi)
  4133 | D:5      | Noticed Hawk2021's ghost (novice DsAK)
  4133 | D:5      | Noticed jotwebe's ghost (novice DrTm)
  4133 | D:5      | Noticed tensugalgo's ghost (novice DsMo)
  4134 | D:5      | Noticed spacedv's ghost (novice DrIE)
  4161 | D:5      | Found an ancient bone altar of Kikubaaqudgha.
  4213 | D:5      | Reached XP level 8. HP: 65/77 MP: 7/7
  4647 | D:6      | Reached skill level 9 in Axes
  4714 | D:6      | Reached **** piety under Trog
  5131 | D:6      | Reached skill level 10 in Fighting
  5144 | D:6      | Reached skill level 10 in Axes
  5371 | D:7      | Noticed Joseph
  5380 | D:7      | Killed Joseph
  5380 | D:7      | Reached skill level 11 in Axes
  5380 | D:7      | Reached XP level 9. HP: 65/85 MP: 8/8
  5552 | D:7      | Noticed Prince Ribbit
  5586 | D:7      | Killed Prince Ribbit
  5586 | D:7      | Reached skill level 12 in Axes
  5816 | D:7      | Reached skill level 1 in Throwing
  5944 | D:7      | Noticed Pikel
  5944 | D:7      | Paralysed by Pikel for 2 turns
  5952 | D:7      | Killed Pikel
  6418 | D:8      | Noticed a two-headed ogre
  6428 | D:8      | Killed a two-headed ogre
  6428 | D:8      | Reached skill level 5 in Armour
  6428 | D:8      | Reached XP level 10. HP: 81/93 MP: 9/9
  6530 | D:8      | Reached skill level 5 in Dodging
  6612 | D:8      | Found a hide-covered altar of Uskayaw.
  6637 | D:8      | Received a gift from Trog
  6728 | D:8      | Noticed a +0 hand axe
  6729 | D:8      | Noticed a +0 hand axe
  6895 | D:8      | Found a shadowy altar of Dithmenos.
  7160 | D:9      | Reached skill level 1 in Evocations
  7381 | D:9      | Reached skill level 5 in Throwing
  7477 | D:9      | Found a staircase to the Orcish Mines.
  7766 | D:10     | Entered Level 10 of the Dungeon
  7766 | D:10     | Noticed a two-headed ogre
  7772 | D:10     | Killed a two-headed ogre
  7903 | D:10     | Noticed a death yak
  7904 | D:10     | Noticed a death yak
  7929 | D:10     | Killed a death yak
  7929 | D:10     | Reached XP level 11. HP: 65/99 MP: 12/12
  7933 | D:10     | Noticed a death yak
  7940 | D:10     | Killed a death yak
  7942 | D:10     | Killed a death yak
  8021 | D:10     | Reached ***** piety under Trog
  8203 | D:10     | Found a staircase to the Lair.
  8430 | D:11     | Reached skill level 5 in Evocations
  8634 | D:11     | Noticed a cyan ugly thing
  8641 | D:11     | Killed a cyan ugly thing
  9015 | D:11     | You fall through a shaft for 2 floors!
  9022 | D:13     | Noticed a vault guard
  9025 | D:13     | Noticed a vault guard
  9029 | D:13     | Noticed a two-headed ogre
  9033 | D:13     | Found a transporter.
  9037 | D:13     | Noticed a centaur warrior
  9039 | D:13     | Killed a vault guard
  9039 | D:13     | Reached skill level 10 in Armour
  9040 | D:13     | Killed a two-headed ogre
  9042 | D:13     | Received a gift from Trog
  9043 | D:13     | Killed a vault guard
  9044 | D:13     | Noticed Erolcha
  9044 | D:13     | Shot with an arrow by a centaur warrior

Skill      XL: |  1  2  3  4  5  6  7  8  9 10 11 |
---------------+----------------------------------+-----
Fighting       | 4 5 6 7 8 10 | 10.0
Axes           | 4 5 6 7 8 11 12 | 12.0
Throwing       | 3 5 |  5.0
Armour         | 5 8 10 | 10.2
Dodging        | 4 7 9 |  9.3
Evocations     | 3 6 |  6.1

Action                   |  1- 3 |  4- 6 |  7- 9 | 10-12 || total
-------------------------+-------+-------+-------+-------++-------
Melee: Hand axe          |    62 |   114 |    49 |       ||   225
       Headbutt          |     6 |    15 |    44 |    47 ||   112
       Battleaxe         |       |       |   149 |   207 ||   356
Throw: Tomahawk          |       |       |       |     2 ||     2
Invok: Berserk           |     1 |     1 |     1 |     1 ||     4
       Brothers in Arms  |       |       |       |     2 ||     2
Evoke: Wand              |       |       |    19 |     2 ||    21
  Use: Scroll            |     3 |     1 |     8 |     2 ||    14
       Potion            |       |       |     2 |     1 ||     3
 Stab: Sleeping          |     1 |       |       |       ||     1
       Paralysed         |       |       |     3 |       ||     3
  Eat: Chunk             |     3 |     6 |     8 |     8 ||    25
       Ration            |       |       |     1 |     1 ||     2
Armor: Animal skin       |     5 |       |       |       ||     5
       Ring mail         |    20 |    16 |       |       ||    36
       Scale mail        |       |    39 |    11 |       ||    50
       Chain mail        |       |       |   100 |   116 ||   216
Dodge: Dodged            |    54 |    65 |    77 |   157 ||   353
Block: Other             |       |     6 |     7 |       ||    13
